 Dungeon Crawl Stone Soup version 0.24-a0-250-g6074511 (webtiles) character file.

Game seed: 14490980595606352624

338 Borgoz the Cutter (level 6, -2/37 HPs)
             Began as a Gargoyle Gladiator on Apr 15, 2019.
             Shot with an arrow by a centaur (7 damage)
             ... on level 5 of the Dungeon.
             The game lasted 00:05:37 (2672 turns).

Borgoz the Cutter (Gargoyle Gladiator)              Turns: 2672, Time: 00:05:38

Health: -2/37      AC:  9    Str: 17    XL:     6   Next: 55%
Magic:  6/6        EV: 13    Int:  9    God:
Gold:   166        SH:  0    Dex: 13    Spells: 5/5 levels left

rFire    . . .     SeeInvis .   a - +0 rapier
rCold    . . .     Gourm    .   (no shield)
rNeg     + . .     Faith    .   e - +0 leather armour (curse)
rPois    ∞         Spirit   .   c - +0 helmet
rElec    +         Reflect  .   (no cloak)
rCorr    .         Harm     .   (no gloves)
MR       .....                  k - +0 pair of boots
Stlth    +.........             (no amulet)
HPRegen  0.12/turn              (no ring)
MPRegen  0.10/turn              (no ring)

@: no status effects
A: negative energy resistance 1, electricity resistance, unbreathing,
petrification resistance, rot immunity, AC +4
a: no special abilities


You were on level 5 of the Dungeon.
You were not hungry.

You visited 1 branch of the dungeon, and saw 5 of its levels.

You collected 166 gold pieces.

Inventory:

Hand Weapons
 a - a +0 rapier (weapon)
Missiles
 d - a throwing net (quivered)
Armour
 c - a +0 helmet (worn)
 e - a cursed +0 leather armour (worn)
 k - a +0 pair of boots (worn)
Scrolls
 g - 2 scrolls of identify {unknown}
 h - a scroll of magic mapping {unknown}
 j - 2 scrolls of teleportation {unknown}
 l - a scroll of amnesia {unknown}
 n - a scroll of fog {unknown}
 o - 2 scrolls of enchant armour {unknown}
Potions
 b - a potion of magic
 i - a potion of curing
 p - a potion of mutation {unknown}
Comestibles
 f - 5 rations
 m - a chunk of flesh


   Skills:
 + Level 3.3 Fighting
 + Level 5.0 Short Blades
 + Level 1.9 Throwing
 + Level 1.7 Armour
 + Level 3.5 Dodging
 + Level 0.4 Stealth


You had 5 spell levels left.
You didn't know any spells.
Your spell library was empty.

Dungeon Overview and Level Annotations

Branches:
Dungeon (6/15)
 Temple: D:4-7

Altars:
Dithmenos
Hepliaklqana
Trog
Wu Jian

Annotations:
D:3 Robin


Innate Abilities, Weirdness & Mutations

You are resistant to torment.
Your stone body is resilient. (AC +4)
You are immune to poison.
You resist negative energy. (rN+)
You are resistant to electric shocks. (rElec)
You can survive without breathing.
You are immune to petrification.
You are immune to rotting.


Message History

You see here an arrow.
The centaur shoots an arrow.
The arrow barely misses you.
The centaur shoots an arrow.
The arrow hits you!
* * * LOW HITPOINT WARNING * * *
You see here an arrow.
You are too injured to fight recklessly!
You are too injured to fight recklessly!
You are too injured to fight recklessly!
You are too injured to fight recklessly!
You are too injured to fight recklessly!
It was a potion of curing.
You feel better.
The centaur shoots an arrow.
The arrow hits you.
* * * LOW HITPOINT WARNING * * *
Throwing (i - inventory)
d - 2 throwing nets (quivered)
Press: ? - help, Shift-Dir - straight line, f - centaur
Aim: a centaur, wielding a +0 shortbow You throw a throwing net.
The throwing net barely misses the centaur.
The centaur shoots an arrow.
The arrow hits you!
You die...

###.#......#
#.........#### ..
#............###.#
#................ .
###.#..........######..
##............#.......
#...#.........#....#
##......†.........####..
#...#.........((@....c.(
#..##................###
#..............#..#..#
.....#...........## ##
.....##.........##
........#....##...
...#.#####.######.#
.#.#.# #.# .# .#^..# .#


You could see a centaur.

Vanquished Creatures
  A bullfrog (D:6)
  A scorpion (D:5)
  A hound (D:6)
  Terence (D:2)
  An orc wizard (D:3)
  A hound skeleton (D:5)
  A gnoll (D:1)
  4 adders
  A shadow imp (D:6)
  An ooze (D:2)
  2 dart slugs
  2 leopard geckos
  8 orcs
  A ball python (D:1)
  3 giant cockroaches
  4 goblins
  4 hobgoblins
  8 jackals
  A quokka (D:6)
  7 bats
  2 frilled lizards
  5 kobolds
  6 rats
66 creatures vanquished.

Notes
Turn   | Place    | Note
-------+----------+-------------------------------------------
     0 | D:1      | Borgoz the Gargoyle Gladiator began the quest for the Orb.
     0 | D:1      | Reached XP level 1. HP: 12/12 MP: 1/1
   128 | D:1      | Reached XP level 2. HP: 12/17 MP: 2/2
   130 | D:1      | Reached skill level 3 in Short Blades
   356 | D:1      | Reached XP level 3. HP: 19/22 MP: 3/3
   895 | D:2      | Noticed Terence
   906 | D:2      | Killed Terence
   906 | D:2      | Reached XP level 4. HP: 16/27 MP: 0/4
  1388 | D:2      | Found a shadowy altar of Dithmenos.
  1388 | D:2      | Found a bloodstained altar of Trog.
  1389 | D:2      | Found an ornate altar of the Wu Jian Council.
  1398 | D:2      | Reached skill level 4 in Short Blades
  1435 | D:2      | Found a hazy altar of Hepliaklqana.
  1876 | D:3      | Reached XP level 5. HP: 17/31 MP: 5/5
  2074 | D:3      | Noticed Robin
  2092 | D:3      | Reached skill level 1 in Armour
  2093 | D:3      | You fall through a shaft for 3 floors!
  2504 | D:6      | Reached XP level 6. HP: 30/37 MP: 6/6
  2567 | D:5      | Entered Level 5 of the Dungeon
  2631 | D:5      | Reached skill level 5 in Short Blades
  2672 | D:5      | Shot with an arrow by a centaur

Levels and vault maps discovered:
D:1:      dpeg_arrival_yet_another_circle, layout_basic
D:2:      layout_loops_ring, chequers_temple_overflow_statue_of_worship,
          ebering_dispersal_statue_hall, lemuel_tele_altar, uniq_terence
D:3:      layout_rooms, lemuel_doored_altar, first_ration, uniq_robin
D:5:      layout_rooms
D:6:      minmay_spotlight, layout_layer_cave, lemuel_zombie_altar_yredelemnul,
          minmay_misc_feat_pillars

Skill      XL: |  1  2  3  4  5  6 |
---------------+-------------------+-----
Short Blades   | 3 4 5 |  5.0
Dodging        | 3 |  3.5
Armour         | 1 |  1.7
Fighting       | 3 |  3.3
Throwing       | |  1.9
Stealth        | |  0.4

Action                   |  1- 3 |  4- 6 || total
-------------------------+-------+-------++-------
Melee: Rapier            |    72 |   221 ||   293
Throw: Throwing net      |       |     4 ||     4
  Use: Potion            |       |     7 ||     7
  Eat: Chunk             |       |     6 ||     6
Armor: Leather armour    |    41 |   123 ||   164
       Skin              |       |    17 ||    17
Dodge: Dodged            |    68 |   207 ||   275

Table legend:
 A = Non-vault XP
 B = Vault XP
 C = Vault XP percentage of total XP
 D = Non-vault monster count
 E = Vault monster count
 F = Vault count percentage of total count
                 A         B        C        D         E       F
            +---------+---------+-------+---------+---------+-------
      Total |     443 |      40 |   8.3 |      63 |       3 |   4.5
            +---------+---------+-------+---------+---------+-------
        D:1 |      43 |       0 |   0.0 |      17 |       0 |   0.0
        D:2 |      75 |      36 |  32.4 |      21 |       1 |   4.5
        D:3 |      65 |       4 |   5.8 |      14 |       2 |  12.5
        D:5 |     103 |       0 |   0.0 |       4 |       0 |   0.0
        D:6 |     157 |       0 |   0.0 |       7 |       0 |   0.0
            +---------+---------+-------+---------+---------+-------
